 Dungeon Crawl Stone Soup version 0.24-a0-516-g9de272b (webtiles) character file.

Game seed: 10594116429329219065

230 DinnerBoy7 the Magician (level 5, -5/28 HPs)
             Began as a Deep Elf Venom Mage on July 21, 2019.
             Was an Initiate of Sif Muna.
             Slain by Blork the orc
             ... wielding a +0 dire flail
              (11 damage)
             ... on level 4 of the Dungeon.
             The game lasted 00:23:24 (4286 turns).

DinnerBoy7 the Magician (Deep Elf Venom Mage)       Turns: 4286, Time: 00:23:24

Health: -5/28      AC:  2    Str:  5    XL:     5   Next: 72%
Magic:  7/14       EV: 14    Int: 21    God:    Sif Muna [......]
Gold:   204        SH:  0    Dex: 15    Spells: 4/14 levels left

rFire    . . .     SeeInvis .   h - +0 short sword
rCold    . . .     Gourm    .   (no shield)
rNeg     . . .     Faith    .   a - +0 robe
rPois    +         Spirit   .   (no helmet)
rElec    .         Reflect  .   (no cloak)
rCorr    .         Harm     .   (no gloves)
MR       .....                  (no boots)
Stlth    ++........             i - amulet of magic regeneration
HPRegen  0.09/turn              (no ring)
MPRegen  0.39/turn              (no ring)

@: about to teleport, very slightly contaminated
A: deterioration 1, mutation resistance 1, poison resistance
a: Renounce Religion


You were on level 4 of the Dungeon.
You worshipped Sif Muna.
Sif Muna was noncommittal.
You were hungry.

You visited 1 branch of the dungeon, and saw 4 of its levels.

You collected 204 gold pieces.

Inventory:

Hand Weapons
 h - a +0 short sword (weapon)
Armour
 a - a +0 robe (worn)
 s - a +1 ring mail of fire resistance
Jewellery
 i - an amulet of magic regeneration (around neck)
 t - an uncursed amulet of regeneration
Wands
 r - a wand of polymorph (10)
Scrolls
 f - a scroll of random uselessness
 l - a scroll of identify
 q - a scroll of enchant weapon {unknown}
Potions
 d - a potion of heal wounds {unknown}
 e - a potion of brilliance {unknown}
 j - a potion of haste {unknown}
 k - a potion of might {unknown}
 m - a potion of lignification {unknown}
 n - a potion of berserk rage {unknown}
 o - a potion of ambrosia {unknown}
 p - a potion of mutation
Comestibles
 c - 6 rations


   Skills:
 + Level 0.3 Short Blades
 + Level 3.6 Dodging
 - Level 3.5 Stealth
 + Level 5.2 Spellcasting
 + Level 2.6 Conjurations
 + Level 4.2 Poison Magic


You had 4 spell levels left.
You knew the following spells:

 Your Spells              Type           Power        Failure   Level  Hunger
a - Sting                 Conj/Pois      ###.         2%          1    None
b - Poisonous Vapours     Pois/Air       ##....       7%          2    None
c - Mephitic Cloud        Conj/Pois/Air  ###.....     12%         3    ##.....
d - Olgreb's Toxic Radia  Pois           ###.....     19%         4    ####...

Your spell library contained the following spells:

 Spells                   Type           Power        Failure   Level  Hunger
 Animate Skeleton         Necr           N/A          11%         1    None
 Apportation              Tloc           #.....       11%         1    None
 Confusing Touch          Hex            #.....       11%         1    None
 Summon Small Mammal      Summ           #...         11%         1    None
 Venom Bolt               Conj/Pois      ###.......   56%         5    #####..


Dungeon Overview and Level Annotations

Branches:
Dungeon (4/15)
 Temple: D:4-7

Altars:
Fedhas
Sif Muna
Trog
Xom
The Shining One

Annotations:
D:4 Blork the orc


Innate Abilities, Weirdness & Mutations

Your body sometimes deteriorates upon taking damage.
You are somewhat resistant to further mutation.
Your system is resistant to poisons. (rPois)


Message History

The quokka is poisoned.
Blork the orc looks even sicker.
Blork the orc hits you with a +0 dire flail!
The quokka barely misses you.
You kill the quokka!
Sif Muna accepts your kill.
Your toxic aura wanes.
Blork the orc casts a spell.
Blork the orc flickers and vanishes!
Deactivating autopickup; reactivate with Ctrl-A.
A magic dart appears from out of thin air!
The magic dart hits you.
* * * LOW HITPOINT WARNING * * *
Unknown command.
As you read the scroll of teleportation, it crumbles to dust.
You feel strangely unstable.
It was a potion of mutation.
You feel extremely strange.
You feel yourself wasting away.
You feel resistant to poisons.
You feel genetically stable. Something hits you!
You die...

####.#... ##### ..#.#.# ##
#.....# #. #. ####...# #.#
######. ###.....#####
#..##..)... #...#.#.....#
#.#..(....
##.###.#####.#####.......<.
##..#...#####...............
##..#######.@.....###..(.....
#..###.......................
#.$.....####.......###........
.........## #########
##....... ..........#
#.......÷ ...###....#
#........ .## ###### #........
. #......(. #.....≈≈.


There were no monsters in sight!

Vanquished Creatures
  Ijyb (D:3)
  A worker ant (D:4)
  5 adders
  2 oozes (D:2)
  An adder skeleton (D:3)
  2 worms (D:2)
  7 dart slugs
  2 leopard geckos
  13 orcs
  3 ball pythons
  5 bats
  5 giant cockroaches
  8 goblins
  5 hobgoblins
  7 jackals
  6 kobolds
  2 quokkas
  5 frilled lizards
  A quokka skeleton (D:4)
  9 rats
90 creatures vanquished.

Notes
Turn   | Place    | Note
-------+----------+-------------------------------------------
     0 | D:1      | DinnerBoy7 the Deep Elf Venom Mage began the quest for the
                  | Orb.
     0 | D:1      | Reached XP level 1. HP: 10/10 MP: 6/6
   219 | D:1      | Reached XP level 2. HP: 15/15 MP: 4/8
   428 | D:1      | Learned a level 2 spell: Poisonous Vapours
   802 | D:1      | Reached XP level 3. HP: 19/19 MP: 7/10
   936 | D:1      | Learned a level 3 spell: Mephitic Cloud
  1321 | D:2      | Found a blossoming altar of Fedhas.
  1398 | D:2      | Reached skill level 4 in Spellcasting
  1399 | D:2      | Found a glowing golden altar of the Shining One.
  1701 | D:2      | Reached XP level 4. HP: 16/24 MP: 12/12
  1921 | D:2      | Learned a level 4 spell: Olgreb's Toxic Radiance
  2879 | D:3      | Found a bloodstained altar of Trog.
  3119 | D:3      | Reached XP level 5. HP: 22/28 MP: 0/14
  3391 | D:3      | Noticed Ijyb
  3407 | D:3      | Killed Ijyb
  3407 | D:3      | Reached skill level 5 in Spellcasting
  4052 | D:3      | Found a deep blue altar of Sif Muna.
  4055 | D:3      | Became a worshipper of Sif Muna the Loreminder
  4165 | D:4      | Found a shimmering altar of Xom.
  4255 | D:4      | Noticed Blork the orc
  4286 | D:4      | Gained mutation: Your body sometimes deteriorates upon
                  | taking damage. [potion of mutation]
  4286 | D:4      | Gained mutation: Your system is resistant to poisons.
                  | (rPois) [potion of mutation]
  4286 | D:4      | Gained mutation: You are somewhat resistant to further
                  | mutation. [potion of mutation]
  4286 | D:4      | Slain by Blork the orc

Levels and vault maps discovered:
D:1:      dpeg_arrival_leaves_temple_mockup, layout_basic
D:2:      layout_loops_corners, old_standard_altar, fedhas_ov_isle_minmay,
          grunt_ministairs_11, minmay_pentomino_pile
D:3:      layout_loops_ring, bloody_trog, lemuel_blue_sif_altar,
          kennysheep_generic_room_9, uniq_ijyb
D:4:      layout_rooms, kennysheep_mini_moat, temple_pool_b, uniq_blork_the_orc,
          uniq_eustachio, uniq_robin

Skill      XL: |  1  2  3  4  5 |
---------------+----------------+-----
Spellcasting   | 4 5 |  5.2
Stealth        | 3 |  3.5
Dodging        | 3 |  3.6
Conjurations   | 2 |  2.6
Poison Magic   | 4 |  4.2
Short Blades   | |  0.3

Action                   |  1- 3 |  4- 6 || total
-------------------------+-------+-------++-------
Melee: Unarmed           |     1 |       ||     1
       Short sword       |    23 |    38 ||    61
 Cast: Sting             |    21 |    18 ||    39
       Poisonous Vapours |    31 |    37 ||    68
       Olgreb's Toxic Ra |       |    10 ||    10
  Use: Scroll            |       |     6 ||     6
       Potion            |       |     2 ||     2
  Eat: Chunk             |     3 |     9 ||    12
Armor: Robe              |    10 |     3 ||    13
       Skin              |       |     8 ||     8
Dodge: Dodged            |    40 |    39 ||    79

Table legend:
 A = Non-vault XP
 B = Vault XP
 C = Vault XP percentage of total XP
 D = Non-vault monster count
 E = Vault monster count
 F = Vault count percentage of total count
                 A         B        C        D         E       F
            +---------+---------+-------+---------+---------+-------
      Total |     263 |      66 |  20.1 |      82 |       8 |   8.9
            +---------+---------+-------+---------+---------+-------
        D:1 |      50 |       0 |   0.0 |      27 |       0 |   0.0
        D:2 |      68 |      26 |  27.7 |      23 |       6 |  20.7
        D:3 |      98 |      40 |  29.0 |      26 |       2 |   7.1
        D:4 |      47 |       0 |   0.0 |       6 |       0 |   0.0
            +---------+---------+-------+---------+---------+-------
